 Dungeon Sprint DCSS version 0.17-a0-2122-g03d97ec (webtiles) character file.

173074 Kidiri the Imperceptible (level 16, -10/97 (100) HPs)
             Began as a Spriggan Enchanter on Oct 21, 2015.
             Was the Champion of Dithmenos.
             Mangled by an acid blob (17 damage)
             ... in the Dungeon (Sprint III: "The Ten Rune Challenge").
             The game lasted 01:19:11 (13299 turns).

Kidiri the Imperceptible (Spriggan Enchanter)      Turns: 13299, Time: 01:19:11

HP:   -10/97 (100)  AC: 14    Str:  9    XL:     16   Next: 47%
MP:   49/52         EV: 43    Int: 33    God:    Dithmenos [******]
Gold: 3040          SH: 11    Dex: 25    Spells: 13 memorised, 5 levels left

rFire  . . .     SeeInvis +     o - +6 rapier of Oheuf {pierce, rElec rF+ rN+ Dex+3}
rCold  + . .     Clarity  .     U - +2 robe {rC+}
rNeg   + + +     SustAt   .     q - +1 buckler
rPois  +         Gourm    .     M - +3 hat of Pondering {ponderous, MR+ MP+10 Int+5}
rElec  +         Spirit   .     j - +1 cloak {rPois}
rCorr  +         Warding  .     (gloves unavailable)
rMut   .         NoTele   +     (boots unavailable)
MR     +++..                    d - amulet of resist corrosion
Stlth  ..........               s - ring "Nohux" {-Tele rPois rN+ Int+6 Dex+2}
                                W - ring "Guobucra" {rF- rN++ Int+3 Stlth+}

@: berserking, wreathed by umbra, very quick, extremely resistant to hostile
enchantments, extremely unstealthy
A: unfitting armour, horns 1, talons 3, rough black scales 1, see invisible,
herbivore 3, speed 3, slow regeneration 1, slow metabolism 2, wild magic 1
a: Shadow Step, Shadow Form, Renounce Religion
}: 3/10 runes: decaying, barnacled, silver


You were in the Dungeon.
You worshipped Dithmenos.
Dithmenos was exalted by your worship.
You were not hungry.

You visited 1 branch You collected 5389 gold pieces.
You spent 2349 gold pieces at shops.

Inventory:

Hand Weapons
 o - the +6 rapier of Oheuf (weapon) {pierce, rElec rF+ rN+ Dex+3}
   (You found it in the Dungeon)

   It inflicts extra damage upon your enemies.
   It affects your dexterity (+3).
   It protects you from fire.
   It insulates you from electricity.
   It protects you from negative energy.
Armour
 j - a +1 cloak of poison resistance (worn)
 q - a +1 buckler (worn)
 M - the +3 hat of Pondering (worn) {ponderous, MR+ MP+10 Int+5}
   (You found it in the Dungeon)

   It affects your intelligence (+5).
   It affects your resistance to hostile enchantments.
   It affects your magic capacity (+10).
 U - a +2 robe of cold resistance (worn)
Jewellery
 d - an amulet of resist corrosion (around neck)
 s - the ring "Nohux" (right hand) {-Tele rPois rN+ Int+6 Dex+2}
   (You acquired it in the Dungeon)

   [ring of dexterity]

   It affects your intelligence (+6).
   It affects your dexterity (+2).
   It protects you from poison.
   It protects you from negative energy.
   It prevents most forms of teleportation.
 G - an uncursed ring of flight
 L - an uncursed amulet of clarity
 W - the ring "Guobucra" (left hand) {rF- rN++ Int+3 Stlth+}
   (You took it off a deep elf demonologist in the Dungeon)

   [ring of stealth]

   It affects your intelligence (+3).
   It makes you vulnerable to fire.
   It greatly protects you from negative energy.
   It makes you more stealthy.
Wands
 a - a wand of lightning (4)
 l - a wand of slowing (24)
 H - a wand of teleportation (5)
 J - a wand of disintegration (13)
Scrolls
 b - a scroll of holy word
 h - 3 scrolls of enchant weapon
 i - 2 scrolls of amnesia
 m - a scroll of remove curse
 p - 5 scrolls of torment
 v - 11 scrolls of identify
 x - 2 scrolls of silence
 E - a scroll of recharging
 F - a scroll of fog
Potions
 e - 6 potions of curing
 g - a potion of haste
 k - 2 potions of might
 n - 4 potions of cure mutation
 r - 3 potions of brilliance
 u - 4 potions of flight
 N - 2 potions of agility
Books
 w - a book of Burglary

   Spells                             Type                      Level
   a - Swiftness                      Charms/Air                   2
   b - Passwall                       Transmutation/Earth          3
   c - Passage of Golubria            Translocation                4
   d - Lee's Rapid Deconstruction     Earth                        5
   e - Darkness                       Hexes                        6
   f - Invisibility                   Hexes                        6
Comestibles
 f - 24 royal jellies
 t - 8 fruits


   Skills:
 * Level 19.9 Short Blades
 * Level 12.7 Armour
 * Level 24.5 Dodging
 * Level 26.4 Stealth
 + Level 9.9 Shields
 * Level 21.5 Spellcasting
 + Level 10.6 Conjurations
 + Level 16.0 Hexes
 + Level 13.0 Translocations
 + Level 11.7 Transmutations
 + Level 11.5 Ice Magic
 + Level 11.4 Air Magic
 + Level 8.5 Earth Magic
 - Level 2.4 Invocations


You had 5 spell levels left.
You knew the following spells:

 Your Spells              Type           Power        Failure   Level  Hunger
a - Corona                Hex            #######      1%          1    None
b - Ensorcelled Hibernat  Hex/Ice        ######       1%          2    None
c - Confuse               Hex            ########     1%          3    None
d - Tukima's Dance        Hex            ########     1%          3    None
e - Dazzling Spray        Conj/Hex       ########     1%          3    None
f - Metabolic Englaciati  Hex/Ice        ########..   1%          5    None
g - Bolt of Cold          Conj/Ice       ########..   4%          6    None
h - Freezing Cloud        Conj/Ice/Air   ########..   4%          6    None
i - Ozocubu's Refrigerat  Ice            ########..   4%          6    None
j - Passwall              Trmt/Erth      ########..   1%          3    None
k - Passage of Golubria   Tloc           N/A          1%          4    None
l - Lee's Rapid Deconstr  Erth           #######...   3%          5    None
m - Invisibility          Hex            ########     1%          6    None


Dungeon Overview and Level Annotations

Branches:
Dungeon (1/1)

Altars:
Cheibriados
Dithmenos
Elyvilon
Fedhas
Gozag
Kikubaaqudgha
Makhleb
Nemelex Xobeh
Okawaru
Qazlal
Ru
Sif Muna
Trog
Vehumet
Xom
Yredelemnul
Zin
The Shining One
Jiyva
Lugonu

Shops:
D (!:%?(=[}:==(!%(:?%


Innate Abilities, Weirdness & Mutations

You are tiny and cannot use many weapons and most armour.
You have supernaturally acute eyesight.
You are a herbivore.
You cover ground extremely quickly.
You need consume almost no food.
You have a pair of small horns on your head.
You have claws for feet.
You are partially covered in rough black scales (AC +4, Dex -1).
You regenerate slowly when monsters are visible.
Your spells are a little harder to cast, but a little more powerful.


Message History

The acid blob completely misses you. The azure jelly hits you.
The azure jelly freezes you!! You resist.
You emit a cloud of dark smoke.
You block the azure jelly's attack. The azure jelly completely misses you.
You block the azure jelly's attack.
Drink which item? (? for menu, Esc to quit)
A red film seems to cover your vision as you go berserk!
You feel yourself moving faster!
You feel mighty! The walls burn you! You resist.
* * * LOW HITPOINT WARNING * * *
The acid blob spits acid at you. The splash of acid hits you! You resist.
* * * LOW HITPOINT WARNING * * *
The acid burns!
You resist.
* * * LOW HITPOINT WARNING * * *
The azure jelly closely misses you. The azure jelly completely misses you.
The azure jelly hits you but does no damage.
The azure jelly hits you!
* * * LOW HITPOINT WARNING * * *
The acid blob hits you!
You die... ##.......## ▓≈≈≈..≈≈≈≈≈ ##.........## ▓≈≈..(.≈≈≈. #....###....# ▓≈≈≈..≈≈≈≈≈ #...##[##...# ▓≈≈≈≈≈≈≈≈≈≈ ##..#}φ}#..## ▓≈≈≈≈≈≈≈≈≈≈ #...##}##§..# ▓..≈≈≈≈≈≈≈≈ #...J###JJJ.# ▓...≈≈≈≈≈≈≈ ##..JJJJJJJ##

▓....≈≈≈≈≈≈ ##.JJJJ@J##
▓...≈≈≈≈≈≈≈ ###JJJ###
▓.≈≈≈≈≈≈≈≈≈ #####
▓≈≈≈≈≈≈≈≈≈≈ ▓.≈≈≈≈≈≈≈≈.
▓▓▓▓▓▓▓▓▓▓▓
*************************
*,+,,*,,,,,,,**≈,,,,,,,,,
*,*,,+,,****+**≈≈,,,,,,**
*,****,,*,,,,**≈≈≈≈,,,,≈≈


You could see 5 acid blobs, 7 azure jellies and 7 death oozes.

Vanquished Creatures
  the royal jelly (D)
  Frederick (D)
  2 golden dragons (D)
  Rupert (D)
  A deep elf master archer (D)
  A titan (D)
  Frances (D)
  A quicksilver dragon (D)
  An acid blob (D)
  Polyphemus (D)
  Gastronok (D)
  2 liches (D)
  Chuck (D)
  2 sphinxes (D)
  3 shadow dragons (D)
  5 azure jellies (D)
  Ilsuiw (D)
  Maud (D)
  Wiglaf (D)
  2 deep elf demonologists (D)
  3 stone giants (D)
  2 dire elephants (D)
  Azrael (D)
  A merfolk javelineer (D)
  5 mummy priests (D)
  A fire dragon (D)
  A yaktaur captain (D)
  16 vault guards (D)
  2 deep elf high priests (D)
  3 hydras (D)
  4 ice dragons (D)
  Erolcha (D)
  An ogre mage (D)
  2 centaur warriors (D)
  4 dancing weapons (D)
  4 death yaks (D)
  4 hell knights (D)
  3 deep elf knights (D)
  An iron golem (D)
  A death drake (D)
  A shock serpent (shapeshifter) (D)
  2 skeletal warriors (D)
  A sea snake (D)
  A spriggan druid (D)
  A sea snake (shapeshifter) (D)
  2 obsidian statues (D)
  A lindwurm (D)
  A shining eye (shapeshifter) (D)
  4 crystal guardians (D)
  2 shining eyes (D)
  2 deep elf conjurers (D)
  An orc sorcerer (D)
  5 ugly things (D)
  A manticore (shapeshifter) (D)
  2 black mambas (D)
  2 elephants (D)
  2 spiny frogs (D)
  A torpor snail (shapeshifter) (D)
  4 yaktaurs (D)
  A komodo dragon (D)
  A fire drake (D)
  3 wandering mushrooms (D)
  3 deep elf priests (D)
  14 guardian mummies (D)
  4 spriggan defenders (D)
  A queen bee (D)
  5 slime creatures (D)
  2 orc high priests (D)
  8 blink frogs (D)
  2 trapdoor spiders (D)
  2 spriggans (D)
  4 redbacks (D)
  A shadow (D)
  A spatial vortex (D)
  2 hill giants (D)
  A hydra simulacrum (D)
  A necrophage (D)
  A swamp drake (D)
  3 orc warriors (D)
  A fire dragon simulacrum (D)
  3 two-headed ogres (D)
  2 brain worms (D)
  A water elemental (D)
  32 killer bees (D)
  An electric eel (D)
  3 orc priests (D)
  A jelly (D)
  2 orc wizards (D)
  2 necromancers (D)
  A wizard (D)
  2 polar bear simulacra (D)
  3 sheep (D)
  A kobold demonologist (D)
  A wolf simulacrum (D)
  3 humans (D)
  2 swamp drake simulacra (D)
  5 giant eyeballs (D)
  2 oozes (D)
  A phantom (D)
  11 orcs (D)
  2 rats (D)
  8 bushes (D)
  8 butterflies (D)
  20 plants (D)
304 creatures vanquished.

Vanquished Creatures (collateral kills)
  A skeletal warrior (D)
1 creature vanquished.

Vanquished Creatures (others)
  2 draconian scorchers (D)
  A dancing weapon (D)
  3 yaktaurs (D)
  3 plants (D)
9 creatures vanquished.

Grand Total: 314 creatures vanquished

Notes
Turn   | Place    | Note
--------------------------------------------------------------
     0 | D        | Kidiri the Spriggan Enchanter began the quest for the Orb.
     0 | D        | Reached XP level 1. HP: 9/9 MP: 5/5
     4 | D        | Reached skill level 5 in Stealth
     7 | D        | Reached XP level 2. HP: 13/13 MP: 5/7
    11 | D        | Learned a level 2 spell: Ensorcelled Hibernation
   175 | D        | Killed a yaktaur
   220 | D        | Killed a white draconian scorcher
   269 | D        | Killed a yaktaur
   298 | D        | Reached skill level 1 in Armour
   298 | D        | Reached skill level 6 in Stealth
   298 | D        | Reached XP level 3. HP: 16/16 MP: 1/9
   306 | D        | Killed a white draconian scorcher
   359 | D        | Learned a level 3 spell: Confuse
   363 | D        | Learned a level 3 spell: Dazzling Spray
   399 | D        | Gained mutation: You have sharp toenails. [potion of mutation]
   399 | D        | Gained mutation: Your spells are a little harder to cast, but a little more powerful. [potion of mutation]
   399 | D        | Gained mutation: You have a pair of small horns on your head. [potion of mutation]
   400 | D        | Gained mutation: You have razor-sharp toenails. [potion of mutation]
   400 | D        | Gained mutation: You have claws for feet. [potion of mutation]
   400 | D        | Gained mutation: You are partially covered in rough black scales (AC +4, Dex -1). [potion of mutation]
   493 | D        | Noticed a water elemental
   634 | D        | Killed a water elemental
   634 | D        | Reached skill level 5 in Dodging
   634 | D        | Reached skill level 7 in Stealth
   634 | D        | Reached skill level 5 in Spellcasting
   634 | D        | Reached skill level 1 in Conjurations
   634 | D        | Reached skill level 1 in Ice Magic
   634 | D        | Reached XP level 4. HP: 9/21 MP: 1/12
   807 | D        | Learned a level 3 spell: Tukima's Dance
   829 | D        | Noticed a jelly
   830 | D        | Noticed a shadow
  1022 | D        | Killed a shadow
  1022 | D        | Reached skill level 5 in Short Blades
  1022 | D        | Reached skill level 9 in Stealth
  1022 | D        | Reached skill level 5 in Hexes
  1022 | D        | Reached XP level 5. HP: 18/24 MP: 0/15
  1079 | D        | Killed a yaktaur
  1132 | D        | Killed a jelly
  1132 | D        | Reached XP level 6. HP: 28/28 MP: 13/16
  1153 | D        | Found a stormy altar of Qazlal.
  1154 | D        | Found a sacrificial altar of Ru.
  1154 | D        | Found a burning altar of Makhleb.
  1154 | D        | Found a viscous altar of Jiyva.
  1154 | D        | Found a shimmering altar of Xom.
  1154 | D        | Found a shadowy altar of Dithmenos.
  1154 | D        | Found a sparkling altar of Nemelex Xobeh.
  1154 | D        | Found a corrupted altar of Lugonu.
  1154 | D        | Found an opulent altar of Gozag.
  1154 | D        | Noticed a spatial vortex
  1158 | D        | Became a worshipper of Dithmenos the Shadowed
  1160 | D        | Killed a spatial vortex
  1160 | D        | Reached skill level 10 in Stealth
  1160 | D        | Reached skill level 1 in Invocations
  1184 | D        | Found a radiant altar of Vehumet.
  1185 | D        | Found a deep blue altar of Sif Muna.
  1185 | D        | Found an ancient bone altar of Kikubaaqudgha.
  1185 | D        | Noticed a wizard
  1186 | D        | Killed a wizard
  1212 | D        | Learned a level 5 spell: Metabolic Englaciation
  1221 | D        | Found a glowing silver altar of Zin.
  1222 | D        | Found a glowing golden altar of the Shining One.
  1222 | D        | Found a white marble altar of Elyvilon.
  1222 | D        | Noticed a deep elf priest
  1224 | D        | Killed a deep elf priest
  1224 | D        | Reached * piety under Dithmenos
  1224 | D        | Reached skill level 11 in Stealth
  1224 | D        | Reached XP level 7. HP: 32/32 MP: 17/19
  1255 | D        | Found an iron altar of Okawaru.
  1256 | D        | Found a bloodstained altar of Trog.
  1256 | D        | Noticed a human
  1256 | D        | Noticed a human
  1258 | D        | Killed a human
  1258 | D        | Reached skill level 10 in Dodging
  1259 | D        | Killed a human
  1301 | D        | Learned a level 6 spell: Bolt of Cold
  1314 | D        | Found a snail-covered altar of Cheibriados.
  1314 | D        | Noticed a necrophage
  1315 | D        | Found a basalt altar of Yredelemnul.
  1315 | D        | Found a blossoming altar of Fedhas.
  1315 | D        | Noticed a necromancer
  1316 | D        | Killed a necrophage
  1316 | D        | Reached ** piety under Dithmenos
  1316 | D        | Reached XP level 8. HP: 36/36 MP: 22/22
  1317 | D        | Killed a necromancer
  1360 | D        | Noticed a two-headed ogre
  1360 | D        | Noticed a two-headed ogre
  1364 | D        | Killed a two-headed ogre
  1364 | D        | Reached skill level 12 in Stealth
  1366 | D        | Killed a two-headed ogre
  1369 | D        | Noticed a two-headed ogre
  1370 | D        | Killed a two-headed ogre
  1370 | D        | Reached *** piety under Dithmenos
  1370 | D        | Reached skill level 1 in Shields
  1375 | D        | Noticed a hill giant
  1378 | D        | Killed a hill giant
  1383 | D        | Noticed a hill giant
  1383 | D        | Noticed Erolcha
  1385 | D        | Killed Erolcha
  1385 | D        | Reached skill level 13 in Stealth
  1385 | D        | Reached skill level 10 in Spellcasting
  1385 | D        | Reached XP level 9. HP: 39/39 MP: 22/24
  1386 | D        | Killed a hill giant
  1386 | D        | Reached **** piety under Dithmenos
  1398 | D        | Noticed a redback
  1406 | D        | Killed a redback
  1414 | D        | Noticed a trapdoor spider
  1415 | D        | Killed a trapdoor spider
  1421 | D        | Noticed a trapdoor spider
  1426 | D        | Killed a trapdoor spider
  1540 | D        | Learned a level 6 spell: Freezing Cloud
  1540 | D        | Noticed a killer bee
  1540 | D        | Noticed a killer bee
  1540 | D        | Noticed a killer bee
  1541 | D        | Noticed a killer bee
  1541 | D        | Noticed a killer bee
  1541 | D        | Noticed a killer bee
  1541 | D        | Noticed a killer bee
  1541 | D        | Noticed a killer bee
  1541 | D        | Noticed a killer bee
  1541 | D        | Noticed a killer bee
  1541 | D        | Noticed a killer bee
  1541 | D        | Noticed a killer bee
  1541 | D        | Noticed a killer bee
  1541 | D        | Noticed a killer bee
  1541 | D        | Noticed a killer bee
  1541 | D        | Noticed a killer bee
  1541 | D        | Noticed a queen bee
  1541 | D        | Noticed a killer bee
  1541 | D        | Noticed a killer bee
  1541 | D        | Noticed a killer bee
  1541 | D        | Noticed a killer bee
  1541 | D        | Noticed a killer bee
  1541 | D        | Noticed a killer bee
  1541 | D        | Noticed a killer bee
  1541 | D        | Noticed a killer bee
  1541 | D        | Noticed a killer bee
  1541 | D        | Noticed a killer bee
  1541 | D        | Noticed a killer bee
  1541 | D        | Noticed a killer bee
  1541 | D        | Noticed a killer bee
  1541 | D        | Noticed a killer bee
  1541 | D        | Noticed a killer bee
  1541 | D        | Noticed a killer bee
  1542 | D        | Killed a killer bee
  1543 | D        | Killed a killer bee
  1543 | D        | Reached skill level 14 in Stealth
  1565 | D        | Killed a killer bee
  1565 | D        | Reached ***** piety under Dithmenos
  1581 | D        | Killed a killer bee
  1585 | D        | Killed a killer bee
  1589 | D        | Killed a killer bee
  1591 | D        | Killed a killer bee
  1593 | D        | Killed a killer bee
  1596 | D        | Killed a killer bee
  1731 | D        | Killed a killer bee
  1733 | D        | Killed a killer bee
  1734 | D        | Killed a killer bee
  1736 | D        | Killed a killer bee
  1738 | D        | Killed a killer bee
  1738 | D        | Reached skill level 10 in Short Blades
  1740 | D        | Killed a killer bee
  1742 | D        | Killed a killer bee
  1742 | D        | Reached skill level 1 in Air Magic
  1744 | D        | Killed a killer bee
  1744 | D        | Reached skill level 5 in Ice Magic
  1746 | D        | Killed a killer bee
  1746 | D        | Reached ****** piety under Dithmenos
  1748 | D        | Killed a killer bee
  1750 | D        | Killed a killer bee
  1752 | D        | Killed a killer bee
  1754 | D        | Killed a killer bee
  1779 | D        | Killed a killer bee
  1912 | D        | Killed a killer bee
  1920 | D        | Killed a killer bee
  1920 | D        | Killed a killer bee
  1921 | D        | Killed a killer bee
  1922 | D        | Killed a killer bee
  1922 | D        | Reached skill level 5 in Armour
  2120 | D        | Killed a killer bee
  2196 | D        | Killed a queen bee
  2196 | D        | Reached XP level 10. HP: 44/44 MP: 16/26
  2197 | D        | Killed a killer bee
  2217 | D        | Killed a killer bee
  2218 | D        | Killed a killer bee
  2336 | D        | Noticed a wandering mushroom
  2337 | D        | Noticed a wandering mushroom
  2337 | D        | Noticed a wandering mushroom
  2344 | D        | Killed a wandering mushroom
  2367 | D        | Killed a wandering mushroom
  2367 | D        | Reached skill level 15 in Stealth
  2370 | D        | Killed a wandering mushroom
  2492 | D        | Noticed a spiny frog
  2492 | D        | Noticed a komodo dragon
  2492 | D        | Noticed a spiny frog
  2498 | D        | Killed a spiny frog
  2500 | D        | Killed a spiny frog
  2504 | D        | Killed a komodo dragon
  2504 | D        | Reached skill level 5 in Conjurations
  2531 | D        | Noticed a redback
  2533 | D        | Killed a redback
  2534 | D        | Noticed a brain worm
  2537 | D        | Killed a brain worm
  2542 | D        | Noticed a brain worm
  2545 | D        | Killed a brain worm
  2551 | D        | Noticed a lindwurm
  2555 | D        | Noticed a redback
  2556 | D        | Killed a lindwurm
  2560 | D        | Killed a redback
  2573 | D        | Noticed a redback
  2574 | D        | Killed a redback
  2575 | D        | Noticed Maud
  2577 | D        | Killed Maud
  2577 | D        | Reached skill level 16 in Stealth
  2577 | D        | Reached skill level 10 in Hexes
  2577 | D        | Reached XP level 11. HP: 47/47 MP: 28/28
  2589 | D        | Learned a level 6 spell: Ozocubu's Refrigeration
  2591 | D        | Noticed an electric eel
  2592 | D        | Noticed a five-headed hydra
  2592 | D        | Noticed a five-headed hydra
  2593 | D        | Killed an electric eel
  2595 | D        | Killed a five-headed hydra
  2596 | D        | Killed a five-headed hydra
  2596 | D        | Reached skill level 15 in Dodging
  2642 | D        | Noticed a death drake
  2645 | D        | Killed a death drake
  2655 | D        | Found a blossoming altar of Fedhas.
  2655 | D        | Noticed a spriggan
  2655 | D        | Noticed a spriggan druid
  2655 | D        | Noticed a spriggan
  2657 | D        | Killed a spriggan druid
  2658 | D        | Killed a spriggan
  2658 | D        | Reached skill level 17 in Stealth
  2659 | D        | Killed a spriggan
  2687 | D        | Noticed an ice dragon
  2690 | D        | Killed an ice dragon
  2691 | D        | Noticed an ice dragon
  2829 | D        | Killed an ice dragon
  2904 | D        | Noticed an ice dragon
  2950 | D        | Found Ogaor's Magic Scroll Emporium.
  2950 | D        | Found Jokkor's Antique Weapon Shop.
  2951 | D        | Found Meisiept's Jewellery Shoppe.
  2953 | D        | Killed an ice dragon
  3031 | D        | Noticed a swamp drake
  3031 | D        | Noticed a fire drake
  3032 | D        | Killed a fire drake
  3032 | D        | Reached skill level 5 in Air Magic
  3034 | D        | Killed a swamp drake
  3041 | D        | Noticed a blink frog
  3042 | D        | Noticed a blink frog
  3042 | D        | Noticed a blink frog
  3042 | D        | Noticed a blink frog
  3042 | D        | Noticed a blink frog
  3043 | D        | Killed a blink frog
  3046 | D        | Killed a blink frog
  3049 | D        | Killed a blink frog
  3052 | D        | Killed a blink frog
  3056 | D        | Killed a blink frog
  3056 | D        | Reached skill level 5 in Shields
  3075 | D        | Noticed Rupert
  3077 | D        | Killed Rupert
  3077 | D        | Reached skill level 18 in Stealth
  3077 | D        | Reached XP level 12. HP: 51/51 MP: 26/31
  3102 | D        | Noticed a death yak
  3103 | D        | Noticed a death yak
  3103 | D        | Noticed a blink frog
  3104 | D        | Noticed an azure jelly
  3104 | D        | Noticed a death yak
  3104 | D        | Noticed an azure jelly
  3104 | D        | Noticed a blink frog
  3104 | D        | Noticed a death yak
  3105 | D        | Killed a death yak
  3106 | D        | Killed a death yak
  3107 | D        | Killed a blink frog
  3108 | D        | Noticed a blink frog
  3108 | D        | Noticed a black mamba
  3109 | D        | Killed a death yak
  3110 | D        | Noticed a black mamba
  3111 | D        | Killed a death yak
  3112 | D        | Killed a blink frog
  3113 | D        | Killed a blink frog
  3123 | D        | Killed a black mamba
  3123 | D        | Reached skill level 15 in Spellcasting
  3124 | D        | Killed a black mamba
  3134 | D        | Noticed an azure jelly
  3134 | D        | Noticed an azure jelly
  3187 | D        | Noticed Polyphemus
  3188 | D        | Noticed Ilsuiw
  3189 | D        | Killed Polyphemus
  3189 | D        | Reached skill level 19 in Stealth
  3192 | D        | Found Poeha's Antique Weapon Shoppe.
  3192 | D        | Noticed a sea snake
  3213 | D        | Killed Ilsuiw
  3223 | D        | Killed a sea snake
  3231 | D        | Found Ythrin's Distillery.
  3242 | D        | Found Koigh's Book Emporium.
  3243 | D        | Noticed a merfolk javelineer
  3245 | D        | Killed a merfolk javelineer
  3309 | D        | Got a barnacled rune of Zot
  3380 | D        | Noticed an elephant
  3380 | D        | Noticed an elephant
  3380 | D        | Noticed a dire elephant
  3380 | D        | Noticed a dire elephant
  3380 | D        | Noticed Gastronok
  3382 | D        | Killed Gastronok
  3383 | D        | Killed a dire elephant
  3385 | D        | Killed a dire elephant
  3385 | D        | Reached XP level 13. HP: 55/55 MP: 33/33
  3388 | D        | Killed an elephant
  3390 | D        | Killed an elephant
  3498 | D        | Noticed an orc warrior
  3498 | D        | Noticed an orc warrior
  3499 | D        | Noticed an orc warrior
  3499 | D        | Noticed an orc priest
  3499 | D        | Noticed an orc sorcerer
  3499 | D        | Noticed an orc wizard
  3499 | D        | Noticed an orc wizard
  3499 | D        | Found Hetoh's Food Shoppe.
  3500 | D        | Killed an orc warrior
  3501 | D        | Killed an orc wizard
  3502 | D        | Killed an orc priest
  3515 | D        | Killed an orc wizard
  3516 | D        | Killed an orc warrior
  3517 | D        | Killed an orc warrior
  3531 | D        | Killed an orc sorcerer
  3678 | D        | Noticed a deep elf knight
  3678 | D        | Noticed a deep elf priest
  3678 | D        | Noticed a deep elf knight
  3678 | D        | Noticed a deep elf priest
  3678 | D        | Noticed a deep elf knight
  3689 | D        | Killed a deep elf knight
  3689 | D        | Reached skill level 20 in Stealth
  3690 | D        | Killed a deep elf knight
  3691 | D        | Killed a deep elf knight
  3709 | D        | Killed a deep elf priest
  3711 | D        | Killed a deep elf priest
  3979 | D        | Noticed a deep elf demonologist
  3979 | D        | Noticed a deep elf high priest
  3981 | D        | Noticed a deep elf demonologist
  3983 | D        | Noticed a deep elf conjurer
  3984 | D        | Noticed a lorocyproca
  3985 | D        | Noticed a cacodemon
  3986 | D        | Gained mutation: You regenerate slowly when monsters are visible. [a cacodemon]
  3987 | D        | Killed a deep elf demonologist
  3990 | D        | Killed a deep elf demonologist
  3990 | D        | Reached skill level 15 in Short Blades
  4079 | D        | Noticed a deep elf conjurer
  4080 | D        | Noticed a deep elf master archer
  4212 | D        | Noticed a deep elf high priest
  4337 | D        | Killed a deep elf conjurer
  4344 | D        | Killed a deep elf high priest
  4503 | D        | Killed a deep elf master archer
  4674 | D        | Killed a deep elf conjurer
  4687 | D        | Killed a deep elf high priest
  5053 | D        | Bought a book of Burglary for 1050 gold pieces
  5057 | D        | Learned a level 3 spell: Passwall
  5065 | D        | Learned a level 4 spell: Passage of Golubria
  5192 | D        | Killed an azure jelly
  5192 | D        | Reached skill level 21 in Stealth
  5192 | D        | Reached skill level 1 in Translocations
  5192 | D        | Reached skill level 1 in Transmutations
  5204 | D        | Killed an azure jelly
  5204 | D        | Reached skill level 1 in Earth Magic
  5247 | D        | Killed an azure jelly
  5285 | D        | Killed an azure jelly
  5712 | D        | Got a sapphire-encrusted chain mail
  5723 | D        | Identified the Grimoire of Assistive Calling
  5772 | D        | Identified the Guide on Sinister Secrets and Companions
  5785 | D        | Got a crude glass ring
  5897 | D        | Identified the ring "Guobucra" {rF- rN++ Int+3 Stlth+} (You took it off a deep elf demonologist in the Dungeon)
  6345 | D        | Bought a scroll of holy word for 97 gold pieces
  6345 | D        | Bought a scroll of enchant weapon for 97 gold pieces
  6345 | D        | Bought a scroll of enchant weapon for 97 gold pieces
  6345 | D        | Bought a scroll of identify for 26 gold pieces
  6345 | D        | Bought a scroll of identify for 26 gold pieces
  6345 | D        | Bought a scroll of enchant weapon for 97 gold pieces
  6389 | D        | Noticed an eight-headed hydra
  6389 | D        | Noticed an eight-headed hydra simulacrum
  6389 | D        | Noticed an ice dragon
  6391 | D        | Killed an eight-headed hydra simulacrum
  6393 | D        | Killed an ice dragon
  6395 | D        | Killed an eight-headed hydra
  6402 | D        | Got a decaying rune of Zot
  6524 | D        | Noticed a wolf simulacrum
  6524 | D        | Noticed a fire dragon simulacrum
  6525 | D        | Noticed a polar bear simulacrum
  6525 | D        | Noticed a polar bear simulacrum
  6526 | D        | Killed a fire dragon simulacrum
  6527 | D        | Killed a polar bear simulacrum
  6535 | D        | Killed a wolf simulacrum
  6537 | D        | Killed a polar bear simulacrum
  6547 | D        | Got a dazzling scimitar
  6818 | D        | Noticed Wiglaf
  6818 | D        | Noticed Frances
  6819 | D        | Killed Wiglaf
  6821 | D        | Killed Frances
  6821 | D        | Reached XP level 14. HP: 59/59 MP: 36/36
  6842 | D        | Learned a level 5 spell: Lee's Rapid Deconstruction
  6962 | D        | Noticed an orc high priest
  6962 | D        | Noticed an orc high priest
  6963 | D        | Noticed an orc priest
  6963 | D        | Noticed an orc priest
  6964 | D        | Killed an orc high priest
  6965 | D        | Killed an orc high priest
  6967 | D        | Killed an orc priest
  6968 | D        | Killed an orc priest
  7002 | D        | Noticed a spriggan defender
  7004 | D        | Noticed an obsidian statue
  7005 | D        | Noticed a spriggan defender
  7009 | D        | Killed a spriggan defender
  7010 | D        | Killed a spriggan defender
  7034 | D        | Noticed a spriggan defender
  7037 | D        | Killed a spriggan defender
  7041 | D        | Noticed a spriggan defender
  7045 | D        | Killed a spriggan defender
  7173 | D        | Noticed a sea snake
  7176 | D        | Killed a sea snake
  7182 | D        | Got a crystal whip
  7183 | D        | Identified the cursed +1 whip "Faurur" {slash, SInv} (You found it in the Dungeon)
  7196 | D        | Noticed a centaur warrior
  7198 | D        | Killed a centaur warrior
  7198 | D        | Reached skill level 5 in Translocations
  7207 | D        | Noticed a fire dragon
  7208 | D        | Killed a fire dragon
  7208 | D        | Reached skill level 22 in Stealth
  7216 | D        | Noticed a red ugly thing
  7219 | D        | Killed a red ugly thing
  7234 | D        | Noticed a war axe of chopping
  7234 | D        | Noticed a war axe of chopping
  7234 | D        | Noticed a scimitar of holy wrath
  7235 | D        | Noticed a war axe of draining
  7236 | D        | Killed a war axe of chopping
  7238 | D        | Killed a war axe of draining
  7240 | D        | Killed a war axe of chopping
  7242 | D        | Killed a scimitar of holy wrath
  7247 | D        | Got an ebony rapier
  7248 | D        | Identified the +6 rapier of Oheuf {pierce, rElec rF+ rN+ Dex+3} (You found it in the Dungeon)
  7309 | D        | Killed an obsidian statue
  7309 | D        | Reached skill level 5 in Transmutations
  7373 | D        | Found Toazxaog's Antique Weapon Emporium.
  7373 | D        | Found Buok's Food Shop.
  7373 | D        | Found Luunwuby's Food Shoppe.
  7373 | D        | Found Xixef's Jewellery Boutique.
  7373 | D        | Found Avaev's Distillery.
  7373 | D        | Found Divu Poi's Magic Scroll Shop.
  7373 | D        | Found Rionatu's Book Emporium.
  7373 | D        | Found Plog's Antique Weapon Boutique.
  7374 | D        | Found Faridde's Jewellery Boutique.
  7374 | D        | Found Mitaceugopt's Book Shoppe.
  7374 | D        | Found Natit's Gadget Shop.
  7374 | D        | Found Asuerphou's Antique Armour Emporium.
  7393 | D        | Bought a potion of heal wounds for 55 gold pieces
  7393 | D        | Bought a potion of heal wounds for 55 gold pieces
  7396 | D        | Bought a scroll of identify for 26 gold pieces
  7396 | D        | Bought a scroll of enchant armour for 97 gold pieces
  7396 | D        | Bought a scroll of identify for 26 gold pieces
  7396 | D        | Bought a scroll of identify for 26 gold pieces
  7396 | D        | Bought a scroll of magic mapping for 45 gold pieces
  7418 | D        | Bought the ring "Fazot" {Dex+4 Stlth+} for 329 gold pieces
  7436 | D        | Noticed a crystal guardian
  7436 | D        | Noticed a crystal guardian
  7436 | D        | Noticed a crystal guardian
  7436 | D        | Noticed a crystal guardian
  7437 | D        | Killed a crystal guardian
  7440 | D        | Killed a crystal guardian
  7443 | D        | Killed a crystal guardian
  7479 | D        | Killed a crystal guardian
  7584 | D        | Noticed a yaktaur captain
  7584 | D        | Noticed a shock serpent
  7584 | D        | Noticed a slime creature
  7585 | D        | Noticed a slime creature
  7585 | D        | Noticed a white ugly thing
  7585 | D        | Noticed a slime creature
  7585 | D        | Noticed a slime creature
  7587 | D        | Killed a shock serpent
  7589 | D        | Killed a slime creature
  7593 | D        | Killed a slime creature
  7595 | D        | Killed a white ugly thing
  7597 | D        | Killed a slime creature
  7604 | D        | Killed a slime creature
  7612 | D        | Killed a yaktaur captain
  7707 | D        | Noticed a shining eye
  7709 | D        | Killed a shining eye
  7718 | D        | Noticed Chuck
  7732 | D        | Killed Chuck
  7929 | D        | Noticed Frederick
  7929 | D        | Noticed a purple ugly thing
  7932 | D        | Killed a purple ugly thing
  7935 | D        | Killed Frederick
  7947 | D        | Noticed a red ugly thing
  7951 | D        | Killed a red ugly thing
  7965 | D        | Noticed a lich
  7967 | D        | Killed a lich
  7967 | D        | Reached skill level 23 in Stealth
  7984 | D        | Noticed a manticore
  7984 | D        | Noticed a slime creature
  7984 | D        | Noticed a shadow dragon
  7984 | D        | Noticed an ogre mage
  7984 | D        | Noticed a red ugly thing
  7984 | D        | Noticed a torpor snail
  7984 | D        | Noticed a shadow dragon
  7985 | D        | Killed a slime creature
  7986 | D        | Killed a manticore
  7988 | D        | Killed a torpor snail
  7988 | D        | Reached skill level 10 in Armour
  7990 | D        | Killed a shadow dragon
  7991 | D        | Killed a shadow dragon
  7992 | D        | Killed an ogre mage
  7994 | D        | Killed a red ugly thing
  8082 | D        | Noticed an obsidian statue
  8094 | D        | Killed an obsidian statue
  8094 | D        | Reached skill level 5 in Earth Magic
  8408 | D        | Noticed a skeletal warrior
  8409 | D        | Noticed an iron golem
  8410 | D        | Killed a skeletal warrior
  8411 | D        | Killed an iron golem
  8411 | D        | Reached skill level 10 in Ice Magic
  8427 | D        | Noticed a necromancer
  8429 | D        | Killed a necromancer
  8448 | D        | Noticed a hell knight
  8448 | D        | Noticed a hell knight
  8454 | D        | Noticed a hell knight
  8454 | D        | Killed a hell knight
  8454 | D        | Killed a hell knight
  8454 | D        | Reached XP level 15. HP: 63/63 MP: 30/39
  8456 | D        | Killed a hell knight
  8460 | D        | Killed a hell knight
  8682 | D        | Noticed a lich
  8684 | D        | Killed a lich
  8746 | D        | Noticed a guardian mummy
  8746 | D        | Noticed a mummy priest
  8746 | D        | Noticed a mummy priest
  8746 | D        | Noticed a sphinx
  8746 | D        | Noticed a sphinx
  8748 | D        | Killed a guardian mummy
  8749 | D        | Noticed a guardian mummy
  8750 | D        | Killed a mummy priest
  8752 | D        | Killed a mummy priest
  8758 | D        | Killed a sphinx
  8761 | D        | Killed a guardian mummy
  8763 | D        | HP: 3/63 [sphinx/divine providence (8)]
  8768 | D        | Killed a sphinx
  9077 | D        | Noticed a guardian mummy
  9077 | D        | Noticed a guardian mummy
  9078 | D        | Noticed a guardian mummy
  9080 | D        | Killed a guardian mummy
  9081 | D        | Killed a guardian mummy
  9081 | D        | Reached skill level 24 in Stealth
  9164 | D        | Killed a guardian mummy
  9214 | D        | Noticed a mummy priest
  9214 | D        | Noticed a guardian mummy
  9214 | D        | Noticed a mummy priest
  9221 | D        | Killed a guardian mummy
  9296 | D        | Noticed a guardian mummy
  9302 | D        | Killed a mummy priest
  9302 | D        | Reached skill level 10 in Air Magic
  9307 | D        | Killed a mummy priest
  9462 | D        | Learned a level 6 spell: Invisibility
  9494 | D        | Noticed a guardian mummy
  9494 | D        | Noticed a mummy priest
  9494 | D        | Noticed a guardian mummy
  9495 | D        | Killed a guardian mummy
  9495 | D        | Reached skill level 10 in Translocations
  9509 | D        | Killed a guardian mummy
  9524 | D        | Killed a guardian mummy
  9562 | D        | Noticed a guardian mummy
  9565 | D        | Killed a mummy priest
  9583 | D        | Noticed a guardian mummy
  9583 | D        | Noticed a guardian mummy
  9583 | D        | Noticed a guardian mummy
  9584 | D        | Killed a guardian mummy
  9598 | D        | Noticed a guardian mummy
  9599 | D        | Killed a guardian mummy
  9600 | D        | Killed a guardian mummy
  9601 | D        | Killed a guardian mummy
  9603 | D        | Killed a guardian mummy
  9963 | D        | Noticed a shadow dragon
  9963 | D        | Noticed a vault guard
  9963 | D        | Noticed a vault guard
  9963 | D        | Noticed a titan
  9963 | D        | Noticed a vault guard
  9963 | D        | Noticed a vault guard
  9963 | D        | Noticed a stone giant
  9963 | D        | Noticed a vault guard
  9963 | D        | Noticed a vault guard
  9963 | D        | Noticed a stone giant
  9963 | D        | Noticed a vault guard
  9963 | D        | Noticed a vault guard
  9963 | D        | Noticed a golden dragon
  9963 | D        | Noticed a vault guard
  9963 | D        | Noticed a vault guard
  9963 | D        | Noticed a quicksilver dragon
  9963 | D        | Noticed a vault guard
  9963 | D        | Noticed a stone giant
  9964 | D        | Noticed a skeletal warrior
  9964 | D        | Noticed a skeletal warrior
  9964 | D        | Noticed a vault guard
  9964 | D        | Noticed a centaur warrior
  9964 | D        | Noticed a vault guard
  9964 | D        | Noticed a vault guard
  9964 | D        | Noticed a golden dragon
  9964 | D        | Noticed a vault guard
  9964 | D        | Noticed a vault guard
  9968 | D        | Killed a vault guard
  9975 | D        | Killed a vault guard
  9975 | D        | Killed a vault guard
  9975 | D        | Killed a vault guard
 10072 | D        | Killed a vault guard
 10093 | D        | Killed a vault guard
 10094 | D        | Killed a vault guard
 10104 | D        | Killed a vault guard
 10111 | D        | Killed a vault guard
 10122 | D        | Killed a vault guard
 10146 | D        | Killed a vault guard
 10154 | D        | Killed a centaur warrior
 10154 | D        | Reached skill level 15 in Hexes
 10209 | D        | Killed a stone giant
 10209 | D        | Killed a vault guard
 10228 | D        | Killed a shadow dragon
 10236 | D        | Killed a vault guard
 10393 | D        | Killed a golden dragon
 10393 | D        | Reached skill level 25 in Stealth
 10393 | D        | Reached skill level 10 in Transmutations
 10482 | D        | Killed a vault guard
 10491 | D        | Killed a vault guard
 10494 | D        | Got a translucent battleaxe {holy}
 10531 | D        | Killed a skeletal warrior
 10547 | D        | Killed a stone giant
 10614 | D        | Killed a stone giant
 10614 | D        | Reached skill level 10 in Conjurations
 10632 | D        | Killed a vault guard
 10641 | D        | Got a fine quarterstaff {crush}
 10686 | D        | Killed a quicksilver dragon
 11224 | D        | Killed a skeletal warrior
 11224 | D        | Reached XP level 16. HP: 67/67 MP: 35/41
 11290 | D        | Killed a titan
 11443 | D        | Killed a golden dragon
 11455 | D        | Got a silver rune of Zot
 11500 | D        | Identified the Volume of Igneous Attacks
 11509 | D        | Got a fine lapis lazuli ring
 11511 | D        | Identified the ring "Nohux" {-Tele rPois rN+ Int+6 Dex+2} (You acquired it in the Dungeon)
 11764 | D        | Noticed a yaktaur
 11764 | D        | Noticed a yaktaur
 11764 | D        | Noticed a yaktaur
 11765 | D        | Noticed a yaktaur
 11766 | D        | Killed a yaktaur
 11770 | D        | Killed a yaktaur
 11774 | D        | Killed a yaktaur
 11778 | D        | Killed a yaktaur
 11789 | D        | Noticed Azrael
 11791 | D        | Killed Azrael
 12676 | D        | Bought an uncursed amulet of resist corrosion for 200 gold pieces
 12763 | D        | Noticed an azure jelly
 12763 | D        | Noticed a shining eye
 12764 | D        | Noticed the royal jelly
 12764 | D        | Found a viscous altar of Jiyva.
 12765 | D        | Killed a shining eye
 12766 | D        | Killed an azure jelly
 12775 | D        | Noticed an acid blob
 12775 | D        | Noticed a shining eye
 13085 | D        | Killed a shining eye
 13086 | D        | Killed an acid blob
 13086 | D        | Reached skill level 26 in Stealth
 13124 | D        | Paralysed by a giant eyeball for 4 turns
 13296 | D        | Killed the royal jelly
 13296 | D        | Noticed an acid blob
 13296 | D        | Noticed an acid blob
 13296 | D        | Noticed an acid blob
 13296 | D        | Noticed an acid blob
 13296 | D        | Noticed an acid blob
 13299 | D        | Mangled by an acid blob

Vault maps used:
D:        dungeon_sprint_mu

Action                   |  1- 3 |  4- 6 |  7- 9 | 10-12 | 13-15 | 16-18 || total
-------------------------+-------+-------+-------+-------+-------+-------++-------
Melee: Dagger            |    24 |    31 |    83 |    83 |   159 |       ||   380
       Rapier            |       |       |       |       |   156 |    19 ||   175
       Short sword       |       |       |       |       |    21 |       ||    21
Throw: Throwing net      |       |       |       |       |     4 |       ||     4
 Cast: Ensorcelled Hiber |     6 |       |    29 |     5 |     4 |       ||    44
       Corona            |     1 |       |       |       |     2 |       ||     3
       Dazzling Spray    |     5 |     7 |     7 |    24 |   136 |     4 ||   183
       Confuse           |     2 |       |       |     6 |    13 |       ||    21
       Metabolic Englaci |       |       |     1 |       |     1 |       ||     2
       Tukima's Dance    |       |       |       |     1 |     5 |       ||     6
       Freezing Cloud    |       |       |       |       |    19 |     3 ||    22
       Passage of Golubr |       |       |       |       |    10 |       ||    10
       Bolt of Cold      |       |       |       |       |    15 |     8 ||    23
       Passwall          |       |       |       |       |     1 |       ||     1
       Lee's Rapid Decon |       |       |       |       |    10 |     8 ||    18
       Invisibility      |       |       |       |       |     1 |       ||     1
       Ozocubu's Refrige |       |       |       |       |     1 |       ||     1
Invok: Shadow Step       |       |       |     1 |    11 |    22 |     3 ||    37
 Abil: Evoke Flight      |       |       |       |       |       |     3 ||     3
  Use: Potion            |     5 |     1 |       |     1 |     8 |     3 ||    18
       Scroll            |     4 |       |       |       |    13 |     2 ||    19
 Stab: Sleeping          |     4 |     5 |    34 |    43 |    60 |    12 ||   158
       Confused          |     1 |       |       |     4 |     3 |       ||     8
       Invisible         |       |       |     1 |     2 |     8 |       ||    11
       Distracted        |       |       |       |       |     2 |       ||     2
       Held in net/web   |       |       |       |       |     2 |       ||     2
  Eat: Bread ration      |       |     1 |       |       |     2 |       ||     3
       Royal jelly       |       |       |       |       |     1 |       ||     1
